 Dungeon Crawl Stone Soup version 0.31-a0-361-g0f8bd3a31e (webtiles) character file.

Game seed: 3757052218384641364

1759 AdnanSaban the Cudgeller (level 9, -5/55 HPs)
             Began as a Gargoyle Fighter on July 27, 2023.
             Slain by a fire elemental (9 damage)
             ... summoned by a deep elf pyromancer
             ... on level 7 of the Dungeon.
             The game lasted 00:06:51 (6547 turns).

AdnanSaban the Cudgeller (Gargoyle Fighter)         Turns: 6547, Time: 00:06:51

Health: -5/55      AC: 21    Str: 24    XL:     9   Next: 7%
Magic:  9/9        EV:  9    Int:  9    God:
Gold:   258        SH:  4    Dex:  9    Spells: 8/8 levels left

rFire   . . .        q - +2 mace (holy)
rCold   + . .        c - +0 buckler
rNeg    + . .        k - +1 chain mail {rC+}
rPois   ∞            (no helmet)
rElec   +            (no cloak)
rCorr   .            i - +1 pair of gloves
SInv    .            t - +0 pair of boots
Will    .....        (no amulet) Stlth
                     (no ring)
HPRegen 0.29/turn    (no ring)
MPRegen 0.11/turn

%: no passive effects
@: no status effects
A: sickness immunity, AC +6, negative energy resistance 1, electricity
resistance, torment resistance 1, petrification resistance
a: no special abilities


You were on level 7 of the Dungeon.
You visited 2 branches of the dungeon, and saw 8 of its levels.

You collected 258 gold pieces.

Inventory:

Hand Weapons
 q - a +2 mace of holy wrath (weapon)
Missiles
 w - 18 poisoned darts (quivered)
Armour
 c - a +0 buckler (worn)
 i - a +1 pair of gloves (worn)
 k - a +1 chain mail of cold resistance (worn)
 t - a +0 pair of boots (worn)
Jewellery
 m - a ring of willpower
Wands
 x - a wand of roots (20)
Scrolls
 a - 2 scrolls of torment {unknown}
 b - 3 scrolls of teleportation {unknown}
 h - a scroll of enchant weapon {unknown}
 l - 6 scrolls of identify {unknown}
 n - a scroll of noise {unknown}
 p - 2 scrolls of butterflies {unknown}
 r - a scroll of revelation {unknown}
 s - a scroll of poison {unknown}
 y - a scroll of fear {unknown}
Potions
 d - a potion of might
 e - 2 potions of mutation {unknown}
 f - 4 potions of curing {unknown}
 g - a potion of invisibility {unknown}
 j - 2 potions of heal wounds {unknown}
 o - 3 potions of resistance {unknown}
 u - 3 potions of brilliance {unknown}
 v - 2 potions of lignification {unknown}


   Skills:
 + Level 5.7 Fighting
 + Level 7.8 Maces & Flails
 + Level 0.7 Throwing
 + Level 6.6 Armour
 + Level 2.2 Dodging
 + Level 5.2 Shields


You had 8 spell levels left.
You didn't know any spells.
Your spell library contained the following spells:

 Spells                   Type           Power      Damage    Failure   Level
 Ensorcelled Hibernation  Hex/Ice        0%         N/A       98%         2
 Passwall                 Tmut/Erth      0%         N/A       98%         2
 Portal Projectile        Hex/Tloc       0%         N/A       100%        3
 Swiftness                Air            0%         N/A       100%        3
 Tukima's Dance           Hex            0%         N/A       100%        3
 Iskenderun's Mystic Bla  Conj/Tloc      0%         2d3       100%        4
 Olgreb's Toxic Radiance  Pois           0%         N/A       100%        4
 Discord                  Hex            0%         N/A       100%        8
 Ignition                 Fire           0%         3d3       100%        8


Dungeon Overview and Level Annotations

Branches:
Dungeon (7/15)             Temple (1/1) D:4

Altars:
Cheibriados
Dithmenos
Elyvilon
Fedhas
Gozag
Hepliaklqana
Kikubaaqudgha
Makhleb
Nemelex Xobeh
Ru
Sif Muna
Trog
Uskayaw
Wu Jian
Xom
Zin
The Shining One

Shops:
D:5 *

Annotations:
D:3 2 runed translucent doors, NokRude's ghost, amateur DsRe


Innate Abilities, Weirdness & Mutations

You are immune to sickness and miasma.
Your stone body is resilient. (AC +6)
You are immune to poison.
You resist negative energy. (rN+)
You are resistant to electric shocks. (rElec)
You are resistant to unholy torment.
You are immune to petrification.


Message History

You are too injured to fight recklessly!
You are too injured to fight recklessly!
You are too injured to fight recklessly!
You are too injured to fight recklessly!
You are too injured to fight recklessly!
You are too injured to fight recklessly!
You are too injured to fight recklessly!
You are too injured to fight recklessly!
Things that are here:
a +0 rapier; 18 gold pieces; an orc corpse The fire elemental misses you.
You block the fire elemental's attack. The fire elemental hits you.
The fire elemental burns you!
* * * LOW HITPOINT WARNING * * *
The fire elemental hits you. The fire elemental burns you!
* * * LOW HITPOINT WARNING * * *
The fire elemental closely misses you. The fire elemental barely misses you.
An orc wizard comes into view. It is wielding a +0 dagger.
The orc wizard shouts!
The orc wizard moves out of view.
The fire elemental hits you.
An orc comes into view. It is wielding a +0 whip.
An orc wizard comes into view. It is wielding a +0 dagger.
The orc wizard shouts!
The orc wizard barely misses you.
The orc wizard hits you but does no damage.
The fire elemental hits you. The fire elemental burns you!
* * * LOW HITPOINT WARNING * * *
You block the orc wizard's attack.
The orc wizard hits you but does no damage.
You block the orc wizard's attack.
The orc wizard hits you but does no damage.
The orc wizard casts a spell.
The orc wizard flickers and vanishes!
Deactivating autopickup; reactivate with Ctrl-A.
The orc wizard attacks as you move away!
The orc wizard barely misses you. The fire elemental hits you.
The fire elemental burns you!
You die...

.....g..g.....#........##.#### #.
.###########..#......#.##.######.
. #...........##.#...... '
#................##### ☼⌠..'
#..○........##.###
#..#'''#..#○°.E.o...#.##.#
#..#...#..#°##.○..###.##.#
#..#.°.#..#○##oEE.# #.##.#
#..#...#..#☼##.@).###.##.#
#..#..○#..#○###.#.##...#.#
.#..#...#..#○# #<)........#
.#..8..e8○☼#°# ###.##...#########
.....).○○○○e.# #...............
##..##################........###
#.....................####[..#
####################### ##.####
#.....


You could see 3 fire elementals, an orc wizard and an orc.

Vanquished Creatures
  A steam dragon (D:7)
  2 water moccasins (D:7)
  2 black bears
  2 sky beasts
  An ogre (D:5)
  A phantom (D:5)
  A kobold brigand (D:7)
  A bullfrog (D:7)
  A necrophage (D:6)
  A scorpion (D:5)
  A howler monkey (D:7)
  4 hounds
  A gnoll bouda (D:6)
  3 orc priests
  Natasha (thrice) (D:4)
  An orc wizard (D:6)
  Terence (D:3)
  A hound skeleton (D:6)
  6 gnolls
  8 adders
  2 white imps (D:6)
  An ufetubus (D:7)
  6 worms
  3 dart slugs
  8 orcs
  7 ball pythons
  10 endoplasms
  4 giant cockroaches
  3 goblins
  5 hobgoblins
  3 jackals
  3 quokkas
  5 bats
  4 frilled lizards
  11 kobolds
  10 rats
127 creatures vanquished.

Notes
Turn   | Place    | Note
-------+----------+-------------------------------------------
     0 | D:1      | AdnanSaban the Gargoyle Fighter began the quest for the
                  | Orb.
     0 | D:1      | Reached XP level 1. HP: 14/14 MP: 1/1
   143 | D:1      | Reached XP level 2. HP: 19/19 MP: 2/2
   628 | D:1      | Reached XP level 3. HP: 23/23 MP: 3/3
  1378 | D:2      | Reached XP level 4. HP: 29/29 MP: 4/4
  1965 | D:3      | Reached skill level 3 in Maces & Flails
  1995 | D:3      | Noticed Terence
  2004 | D:3      | Killed Terence
  2164 | D:3      | Reached XP level 5. HP: 33/33 MP: 5/5
  2419 | D:3      | Found a large runed translucent door.
  2419 | D:3      | Found a large runed translucent door.
  2423 | D:3      | Noticed NokRude's ghost (amateur DsRe)
  2845 | D:4      | Noticed Natasha
  2852 | D:4      | Killed Natasha
  2859 | D:4      | Found a hide-covered altar of Uskayaw.
  3012 | D:4      | Found a staircase to the Ecumenical Temple.
  3095 | D:4      | Noticed Natasha
  3106 | D:4      | Killed Natasha
  3111 | Temple   | Entered the Ecumenical Temple
  3427 | D:4      | Noticed Natasha
  3517 | D:4      | Killed Natasha
  3518 | D:4      | Reached skill level 4 in Maces & Flails
  3598 | D:5      | Entered Level 5 of the Dungeon
  3626 | D:5      | Reached XP level 6. HP: 34/38 MP: 6/6
  3699 | D:5      | Reached skill level 1 in Dodging
  3930 | D:5      | Reached XP level 7. HP: 43/44 MP: 7/7
  3997 | D:5      | Found Woziow's Elemental Accessories.
  4060 | D:5      | Reached skill level 5 in Maces & Flails
  4924 | D:6      | Found a burning altar of Makhleb.
  4933 | D:6      | Reached skill level 5 in Armour
  5062 | D:6      | Reached skill level 6 in Maces & Flails
  5062 | D:6      | Reached XP level 8. HP: 42/48 MP: 8/8
  5490 | D:7      | Reached skill level 5 in Fighting
  5622 | D:7      | Reached skill level 5 in Shields
  5634 | D:7      | Found a white marble altar of Elyvilon.
  5673 | D:7      | Reached skill level 7 in Maces & Flails
  6317 | D:7      | Reached XP level 9. HP: 50/55 MP: 9/9
  6518 | D:7      | Noticed a deep elf pyromancer
  6547 | D:7      | Slain by a fire elemental

Illustrated notes

Levels and vault maps discovered:
D:1:      scummos_arrival_star, layout_basic
D:2:      layout_loops_ring
D:3:      layout_basic, ebering_ghost_disaster_area,
          kennysheep_cross_bottleneck, hangedman_decor_points, uniq_terence
D:4:      layout_basic, mainiacjoe_overflow_concentric_impassable,
          minmay_temple_entry_statues_fountains, minmay_misc_feat_five,
          uniq_natasha
D:5:      layout_basic, st_stairs_12, nicolae_elemental_shop
D:6:      layout_basic, makhleb_blood_cavern_becter, serial_curves,
          eino_curves_02, eino_curves_01, minmay_misc_feat_ornament
D:7:      layout_loops_ring, lemuel_coloured_pillars_altar,
          guppyfry_early_elven_hall
Temple:   eino_temple_water

Skill      XL: |  1  2  3  4  5  6  7  8 |
---------------+-------------------------+-----
Maces & Flails | 3 4 6 7 |  7.8
Armour         | 4 5 6 |  6.6
Shields        | 4 5 |  5.2
Fighting       | 4 5 |  5.7
Dodging        | 1 2 |  2.2
Throwing       | |  0.7

Action                     |  1- 3 |  4- 6 |  7- 9 || total
---------------------------+-------+-------+-------++-------
  Melee: Flail             |    99 |    91 |       ||   190
         Mace              |       |   132 |   228 ||   360
  Throw: Dart              |       |       |     7 ||     7
 Armour: Scale mail        |    13 |       |       ||    13
         Chain mail        |    27 |   176 |   156 ||   359
  Dodge: Dodged            |    34 |    98 |    97 ||   229
  Block: Buckler           |    18 |    70 |    38 ||   126

Table legend: (Time is in decaauts)
 A = Elapsed time spent in this place.
 B = Non-inter-level travel time spent in this place.
 C = Inter-level travel time spent in this place.
 D = Time resting spent in this place.
 E = Time spent auto-exploring this place.
 F = Levels seen in this place.
 G = Mean time per level.
                   A        B        C        D        E       F      G
               +--------+--------+--------+--------+--------+-----+--------+
         Total |   6673 |   6412 |    261 |    333 |   4770 |   8 |  834.1 |
       Dungeon |   6671 |   6410 |    261 |    333 |   4770 |   7 |  953.0 |
        Temple |      1 |      1 |      0 |      0 |      0 |   1 |    1.0 |
               +--------+--------+--------+--------+--------+-----+--------+

Top non-repeatable levels by time:
     D:1: 1081 daAuts
     D:6: 1066 daAuts
     D:4: 929 daAuts
     D:3: 910 daAuts
     D:2: 901 daAuts
     D:7: 893 daAuts
     D:5: 888 daAuts
  Temple: 1 daAuts
